 Dungeon Crawl Stone Soup version 0.32-a0-928-g1cae6b7ea0 (webtiles) character file.

Game seed: 13733466611663239376

46 PriceMaster the Magician (level 3, -3/20 (23) HPs)
             Began as an Octopode Hedge Wizard on Apr 12, 2024.
             Slain by Terence
             ... wielding a +2 short sword of draining
              (9 damage)
             ... on level 3 of the Dungeon.
             The game lasted 00:02:22 (1638 turns).

PriceMaster the Magician (Octopode Hedge Wizard)    Turns: 1638, Time: 00:02:22

HP:   -3/20 (23)    AC:  1    Str:  9    XL:     3   Next: 68%
MP:   5/8           EV: 12    Int: 18    God:
Gold: 99            SH:  0    Dex: 11    Spells: 6/9 levels left

rFire   + . .        h - +1 short sword (vamp)
rCold   x . .        (no shield)
rNeg    . . .        b - +0 hat
rPois   .            g - amulet of regeneration
rElec   .            d - ring of fire
rCorr   .            (no ring)
SInv    .            (no ring)
Will    .....        (no ring)
Stlth   +++          (no ring)
HPRegen 1.03/turn    (no ring)
MPRegen 0.11/turn    (no ring)
                     (no ring)

%: no passive effects
@: heavily drained
A: almost no armour, amphibious, 8 rings, camouflage 1, gelatinous body 1,
(nimble swimmer 1), tentacles
a: no special abilities


You were on level 3 of the Dungeon.
You visited 1 branch of the dungeon, and saw 3 of its levels.

You collected 99 gold pieces.

Inventory:

Hand Weapons
 a - a +0 dagger
 h - a +1 vampiric short sword (weapon)
Armour
 b - a +0 hat (worn)
Jewellery
 d - a ring of fire (left tentacle)
 g - an amulet of regeneration (around mantle)
Scrolls
 e - a scroll of enchant armour {unknown}
 f - a scroll of torment {unknown}
 i - 4 scrolls of teleportation {unknown}
 j - a scroll of identify {unknown}
Potions
 c - a potion of magic


   Skills:
 * Level 1.2 Fighting
 + Level 0.8 Short Blades
 + Level 2.1 Dodging
 * Level 3.3 Stealth
 * Level 3.5 Spellcasting
 + Level 1.0 Conjurations
 + Level 1.0 Summonings
 + Level 1.0 Translocations


You had 6 spell levels left.
You knew the following spells:

 Your Spells              Type           Power      Damage    Failure   Level
a - Magic Dart            Conj           24%        1d4       10%         1
b - Lesser Beckoning      Tloc           12%        N/A       16%         2

Your spell library contained the following spells:

 Spells                   Type           Power      Damage    Failure   Level
 Freeze                   Ice            12%        1d3       16%         1
 Slow                     Hex            12%        N/A       16%         1
 Blink                    Tloc           12%        N/A       16%         2
 Call Imp                 Summ           12%        N/A       16%         2
 Searing Ray              Conj           12%        2d4       16%         2
 Cigotuvi's Dreadful Rot  Necr/Alch/Air  6%         N/A       24%         2
 Maxwell's Portable Pile  Tloc           6%         2d(5-15)  30%         3
 Teleport Other           Tloc           6%         N/A       30%         3
 Hailstorm                Conj/Ice       5%         3d5       36%         3
 Mephitic Cloud           Conj/Alch/Air  4%         N/A       38%         3
 Confusing Touch          Hex            3%         N/A       43%         3
 Frozen Ramparts          Ice            6%         1d1       43%         3
 Vampiric Draining        Necr           3%         2d6       43%         3
 Fulminant Prism          Conj/Alch      2%         3d5       77%         4


Dungeon Overview and Level Annotations

Branches:
Dungeon (3/15)

Altars:

Shops:
D:1 :(=

Annotations:
D:3 Terence


Innate Abilities, Weirdness & Mutations

You cannot wear most types of armour.
You are amphibious.
You can wear up to eight rings at the same time.
Your skin changes colour to match your surroundings (Stealth+).
Your rubbery body absorbs attacks. (AC +1, EV +1)
((You are camouflaged when in or above water. (Stealth+)))
You have tentacles for arms and can constrict up to eight enemies at once.


Message History

You closely miss Terence. You grab Terence.
You squeeze Terence, but do no damage.
Terence is lightly wounded.
You constrict Terence. The hobgoblin hits you. Terence closely misses you.
You hit Terence but do no damage.
Terence is moderately wounded.
You constrict Terence, but do no damage.
The hobgoblin barely misses you. Terence closely misses you.
You hit Terence but do no damage.
Terence is moderately wounded.
You constrict Terence. The hobgoblin hits you.
Terence hits you with a +2 short sword of draining!
You feel drained.
* * * LOW HITPOINT WARNING * * *
You are too injured to fight recklessly!
You are too injured to fight recklessly!
Okay, then.
You hit the hobgoblin.
You feel better.
Your grab misses the hobgoblin. You squeeze the hobgoblin.
The hobgoblin is severely wounded.
You constrict Terence. The hobgoblin closely misses you.
Terence shouts, "Get ready for death!"
Terence hits you with a +2 short sword of draining.
* * * LOW HITPOINT WARNING * * *
You feel drained.
You hit Terence.
You feel better.
Terence is severely wounded.
You constrict Terence. Terence shouts, "Now you die!"
Terence hits you with a +2 short sword of draining.
* * * LOW HITPOINT WARNING * * *
You feel drained.
* * * LOW HITPOINT WARNING * * *
The hobgoblin barely misses you.
You hit the hobgoblin.
You feel better.
You kill the hobgoblin!
You constrict Terence.
Terence hits you with a +2 short sword of draining!
You die...
Terence says, "Time to find some more victims."

############ #
#.......##.. .#
#.#####.##.####..#
#.#
##.##.......##.
#####.#
##...#..@@......
...##.#
#.......####.###
###.#.# ##...#..#
# #...# ##.##..#
###.### ####..#
...## #..# #.##
#..# #.# #..# #.#
...


You could see Terence.

Vanquished Creatures
  An adder (D:3)
  A dart slug (D:2)
  4 endoplasms
  A giant cockroach (D:1)
  4 hobgoblins
  3 jackals (D:1)
  5 kobolds
  2 quokkas (D:1)
  2 ball pythons (D:1)
  3 bats
  6 frilled lizards
  5 rats
37 creatures vanquished.

Notes
Turn   | Place    | Note
-------+----------+-------------------------------------------
     0 | D:1      | PriceMaster the Octopode Hedge Wizard began the quest for
                  | the Orb.
     0 | D:1      | Reached XP level 1. HP: 11/11 MP: 4/4
   161 | D:1      | Reached XP level 2. HP: 13/17 MP: 3/6
   192 | D:1      | Found Miqups's Book Emporium.
   406 | D:1      | Learned a level 2 spell: Lesser Beckoning
   458 | D:1      | Found Oweuc's Antique Weapon Shoppe.
   461 | D:1      | Found Saxziyh's Jewellery Shoppe.
   585 | D:1      | Reached XP level 3. HP: 22/22 MP: 3/7
  1462 | D:2      | Found a faded altar of an unknown god.
  1533 | D:3      | Reached skill level 1 in Fighting
  1625 | D:3      | Noticed Terence
  1638 | D:3      | Slain by Terence

Illustrated notes

Levels and vault maps discovered:
D:1:      lemuel_arrival_lava_pool, layout_basic, serial_shops,
          nicolae_shop_tiny_real_fake_doors, shop, shop, minmay_hexomino_f4
D:2:      layout_basic, shapermc_ecumenical_altar_venn, kennysheep_small_spiral,
          small_statue_intersection
D:3:      layout_loops_ring, lemuel_doored_altar, uniq_terence

Skill      XL: |  1  2  3 |
---------------+----------+-----
Stealth        | 3 |  3.3
Fighting       | 1 |  1.2
Short Blades   | |  0.8
Dodging        | |  2.1
Spellcasting   | |  3.5
Conjurations   | |  1.0
Summonings     | |  1.0
Translocations | |  1.0

Action                     || total
---------------------------++-------
  Melee: Short sword       ||    49
         Dagger            ||     4
         Constrict         ||    10
         Tentacles         ||    12
   Cast: Magic Dart        ||    29
         Lesser Beckoning  ||     1
    Use: Potion            ||     1
   Stab: Sleeping          ||     5
 Armour: Skin              ||    29
  Dodge: Dodged            ||    49

Table legend: (Time is in decaauts)
 A = Elapsed time spent in this place.
 B = Non-inter-level travel time spent in this place.
 C = Inter-level travel time spent in this place.
 D = Time resting spent in this place.
 E = Time spent auto-exploring this place.
 F = Levels seen in this place.
 G = Mean time per level.
                   A        B        C        D        E       F      G
               +--------+--------+--------+--------+--------+-----+--------+
         Total |   1635 |   1586 |     49 |      0 |   1350 |   3 |  545.0 |
       Dungeon |   1635 |   1586 |     49 |      0 |   1350 |   3 |  545.0 |
               +--------+--------+--------+--------+--------+-----+--------+

Top non-repeatable levels by time:
     D:1: 777 daAuts
     D:2: 741 daAuts
     D:3: 117 daAuts
